Map: Ice and Chrome LE

Players

LiquidMaNa (MaNa)

  • Race: Protoss Protoss
  • League: Grandmaster
  • Spawn Location: 7:00

AGOElazer (Elazer) - Winner!

  • Race: Zerg Zerg
  • League: Master
  • Spawn Location: 1:00

Event: War Chest Team League

VOD

Have the link to the VOD?

Description

Time

  • Played on: Aug. 9, 2020, 7:05 a.m.
  • Length: 14:04
Show
View Real Time Build Order
Export as new Build Order

LiquidMaNa Protoss 

Build Orders: 1 Gate Expand, Oracle Opening, Phoenix Opening, Chargelot Immortal 

Get SALT Encoding   

  12  0:00  Probe  
  13  0:12  Probe  
  14  0:20  Pylon  
  14  0:24  Probe  
  15  0:38  Probe (Chrono Boost)  
  16  0:44  Gateway  
  16  0:47  Probe (Chrono Boost)  
  17  0:51  Assimilator  
  17  0:52  Probe (Chrono Boost)  
  18  1:04  Probe (Chrono Boost)  
  19  1:13  Probe (Chrono Boost)  
  20  1:19  Probe  
  21  1:30  Nexus  
  21  1:40  Cybernetics Core  
  21  1:42  Probe  
  22  1:48  Assimilator  
  22  1:55  Pylon  
  22  1:58  Probe  
  23  2:13  Adept (Chrono Boost), Probe  
  24  2:16  Warp Gate  
  26  2:25  Probe  
  26  2:29  Stargate  
  27  2:35  Stalker (Chrono Boost)  
  29  2:37  Probe  
  29  2:42  Probe  
  31  2:49  Probe  
  32  2:54  Probe  
  33  3:01  Probe  
  34  3:06  Probe  
  34  3:10  Oracle (Chrono Boost)  
  34  3:11  Gateway  
  35  3:13  Probe  
  35  3:18  Probe  
  40  3:22  Adept  
  40  3:24  Pylon  
  40  3:26  Probe  
  43  3:30  Probe  
  44  3:38  Probe  
  45  3:42  Phoenix (Chrono Boost), Probe  
  45  3:43  Pylon  
  48  3:50  Assimilator, Probe  
  48  3:54  Probe  
  50  4:02  Probe  
  51  4:03  Assimilator  
  51  4:04  Adept, Oracle (Chrono Boost)  
  51  4:05  Adept  
  51  4:06  Probe  
  59  4:13  Pylon  
  59  4:14  Probe  
  60  4:18  Probe  
  61  4:26  Probe  
  61  4:29  Twilight Council  
  61  4:30  Forge  
  62  4:31  Probe  
  62  4:34  Phoenix  
  65  4:38  Probe  
  65  4:43  Probe  
  67  4:50  Pylon, Probe  
  68  4:56  Nexus  
  68  5:00  Phoenix  
  68  5:03  Protoss Air Weapons Level 1  
  68  5:06  Protoss Ground Weapons Level 1  
  70  5:08  Probe x2  
  70  5:10  Charge  
  72  5:25  Stargate  
  72  5:27  Probe x2  
  71  5:28  Shield Battery  
  71  5:31  Phoenix (Chrono Boost)  
  73  5:38  Gateway  
  73  5:39  Gateway, Probe x2  
  75  5:52  Pylon  
  75  5:53  Phoenix (Chrono Boost), Probe  
  78  6:00  Pylon  
  78  6:02  Pylon  
  78  6:10  Zealot  
  81  6:11  Zealot  
  81  6:12  Probe, Phoenix (Chrono Boost)  
  81  6:13  Phoenix (Chrono Boost)  
  81  6:16  Probe x2  
  89  6:24  Probe  
  90  6:31  Pylon  
  90  6:33  Zealot x2  
  90  6:34  Zealot x2  
  90  6:38  Phoenix (Chrono Boost)  
  102  6:43  Phoenix (Chrono Boost)  
  102  6:44  Robotics Facility  
  102  6:50  Assimilator  
  102  6:52  Assimilator  
  102  6:56  Zealot x4  
  110  7:06  Probe  
  103  7:09  Probe  
  103  7:11  Phoenix  
  103  7:12  Phoenix  
  106  7:18  Probe  
  105  7:25  Protoss Ground Weapons Level 2 (Chrono Boost), Zealot x3  
  105  7:28  Robotics Facility  
  111  7:32  Immortal, Probe x2  
  117  7:43  Sentry  
  119  7:47  Shield Battery  
  117  7:51  Zealot x2  
  112  8:09  Stalker x2  
  106  8:16  Zealot  
  104  8:25  Probe x2  
  100  8:29  Zealot  
  100  8:30  Immortal x2 (Chrono Boost)  
  100  8:32  Zealot  
  100  8:34  Probe  
  109  8:37  Probe  
  110  8:48  Nexus  
  110  8:51  Robotics Bay  
  110  8:53  Sentry x3  
  116  8:57  Gateway  
  116  8:59  Gateway  
  116  9:03  Observer x2 (Chrono Boost)  
  118  9:11  Pylon  
  118  9:17  Immortal x2 (Chrono Boost)  
  125  9:29  Stalker x2  
  125  9:30  Stalker x2  
  133  9:31  Pylon  
  133  9:33  Pylon  
  133  9:38  Pylon  
  133  9:41  Colossus (Chrono Boost)  
  133  9:42  Colossus (Chrono Boost)  
  133  9:47  Extended Thermal Lance  
  143  9:56  Zealot x5  
  143  9:58  Shield Battery  
  149  10:20  Pylon  
  149  10:23  Pylon x2  
  123  10:37  Zealot x2  
  123  10:38  Colossus (Chrono Boost), Zealot x4  
  123  10:47  Colossus (Chrono Boost)  
  123  10:48  Probe  
  124  10:52  Nexus  
  124  10:53  Templar Archives  
  124  11:01  Zealot  
  125  11:13  Sentry x3  
  125  11:14  Stalker x2  
  125  11:15  Pylon  
  125  11:16  Pylon  
  125  11:17  Blink  
  125  11:18  Nexus  
  135  11:31  Warp Prism (Chrono Boost)  
  135  11:32  Psionic Storm  
  141  11:35  Immortal (Chrono Boost)  
  141  11:48  High Templar x2  
  141  11:49  High Templar x2  
  141  11:52  Assimilator  
  143  11:57  Assimilator  
  141  12:04  Zealot x2  
  145  12:22  High Templar  
  145  12:23  High Templar x3  
  145  12:28  Archon  
  145  12:29  Archon  
  153  12:33  Gateway  
  153  12:35  Pylon  
  151  12:37  Pylon  
  151  12:38  Gateway  
  151  12:41  Stalker x2  
  151  12:43  Immortal  
  145  13:00  Gateway x2  
  145  13:01  Zealot x4  
  142  13:09  Zealot x2  
  118  13:17  Immortal  
  111  13:22  Zealot x4  
  114  13:30  Zealot x3  
  114  13:32  Probe x2  
  83  13:43  Zealot x4  
Show
View Real Time Build Order
Export as new Build Order

AGOElazer Zerg - Winner!

Build Orders: Hatch First, Roach Hydra 

Get SALT Encoding   

  12  0:00  Drone  
  13  0:11  Overlord  
  13  0:17  Drone  
  14  0:30  Drone x2  
  16  0:46  Drone  
  17  0:52  Hatchery  
  17  0:55  Drone  
  17  0:58  Drone  
  18  1:09  Extractor  
  17  1:12  Spawning Pool  
  17  1:15  Drone  
  17  1:20  Drone  
  18  1:28  Drone  
  19  1:38  Drone  
  20  1:48  Overlord  
  20  1:59  Queen  
  22  2:04  Queen  
  22  2:05  Zergling x4  
  26  2:11  Drone  
  26  2:12  Metabolic Boost  
  26  2:15  Drone  
  28  2:21  Drone  
  29  2:27  Drone  
  30  2:32  Drone  
  31  2:40  Hatchery  
  31  2:41  Drone  
  31  2:46  Queen  
  31  2:49  Zergling x2  
  34  2:53  Overlord  
  34  2:57  Drone  
  34  2:58  Drone  
  36  3:09  Overlord  
  36  3:13  Drone  
  36  3:14  Drone x3  
  40  3:21  Queen  
  40  3:23  Drone x2  
  44  3:33  Drone x2  
  46  3:34  Queen  
  48  3:41  Drone  
  48  3:44  Drone x3  
  48  3:45  Overlord  
  52  3:54  Drone x5  
  57  4:01  Overlord  
  57  4:03  Queen  
  57  4:05  Queen  
  57  4:09  Zergling x4  
  64  4:10  Zergling x2  
  63  4:20  Drone  
  63  4:21  Drone x4  
  64  4:25  Drone  
  64  4:29  Overlord  
  64  4:30  Spore Crawler  
  64  4:32  Spore Crawler  
  64  4:34  Spore Crawler  
  62  4:38  Zergling x4  
  62  4:44  Drone x2  
  65  4:51  Overlord  
  65  4:52  Drone x7  
  72  4:59  Overlord  
  72  5:01  Drone  
  72  5:02  Evolution Chamber  
  72  5:03  Drone  
  72  5:06  Overlord  
  73  5:09  Overlord  
  73  5:11  Drone x5  
  78  5:14  Drone  
  77  5:22  Drone x4  
  77  5:23  Drone  
  77  5:25  Lair  
  77  5:27  Zerg Melee Weapons Level 1, Extractor, Drone  
  82  5:29  Drone x4  
  82  5:30  Extractor  
  85  5:37  Drone x4  
  89  5:45  Overlord  
  89  5:46  Drone  
  90  5:50  Drone  
  90  5:51  Roach Warren  
  90  5:52  Extractor  
  90  5:54  Hatchery  
  90  5:56  Extractor  
  87  6:00  Zergling x6  
  87  6:01  Drone x5  
  95  6:08  Overlord  
  94  6:13  Overlord  
  94  6:16  Overlord  
  94  6:17  Extractor  
  93  6:19  Drone x3  
  93  6:20  Overlord  
  93  6:25  Baneling Nest  
  95  6:30  Glial Reconstitution  
  95  6:32  Roach x10  
  115  6:33  Pneumatized Carapace  
  115  6:34  Overseer  
  115  6:39  Overlord  
  115  6:46  Overlord  
  115  6:52  Roach x8  
  130  6:59  Roach x3  
  136  7:03  Overlord  
  134  7:12  Roach x5  
  134  7:14  Overlord  
  142  7:17  Hydralisk Den  
  142  7:18  Evolution Chamber  
  142  7:19  Drone x4  
  142  7:25  Zerg Melee Weapons Level 2  
  142  7:26  Centrifical Hooks  
  142  7:28  Drone x4  
  144  7:31  Spore Crawler  
  144  7:32  Drone x4  
  148  7:37  Drone x3  
  148  7:41  Overlord  
  148  7:44  Drone x5  
  154  7:50  Drone x2  
  144  8:06  Overlord  
  144  8:07  Grooved Spines  
  144  8:08  Zerg Missile Weapons Level 1  
  144  8:10  Hydralisk x9  
  146  8:22  Hydralisk x4  
  142  8:27  Overlord  
  134  8:34  Hydralisk x4  
  134  8:36  Hatchery  
  134  8:37  Overlord  
  134  8:38  Extractor  
  134  8:39  Extractor  
  131  8:43  Overlord  
  131  8:45  Overseer, Hydralisk x3  
  131  8:46  Zergling x10  
  142  8:55  Drone x3  
  145  9:01  Hydralisk x3, Infestation Pit  
  150  9:04  Overlord  
  150  9:06  Zergling x18  
  159  9:17  Overlord  
  159  9:18  Muscular Augments  
  158  9:29  Overlord x2  
  158  9:31  Zergling x22  
  168  9:39  Baneling x13  
  168  9:42  Baneling x3  
  168  9:43  Baneling x11  
  168  9:50  Zergling x2  
  168  9:51  Zergling x20  
  179  9:56  Hive  
  179  10:05  Hydralisk x10  
  191  10:10  Zergling x2  
  191  10:11  Zergling x14  
  191  10:15  Zergling x2  
  189  10:24  Zergling x14  
  161  10:42  Hydralisk x13  
  146  10:51  Hydralisk x6  
  146  10:56  Zergling x10  
  161  11:05  Zergling x16  
  161  11:09  Viper  
  161  11:10  Viper  
  175  11:15  Overlord  
  175  11:19  Extractor, Drone x3  
  175  11:21  Drone x3  
  180  11:27  Hatchery  
  179  11:33  Zerg Missile Weapons Level 2, Zerg Ground Armor Level 1  
  179  11:35  Drone  
  179  11:36  Lurker Den  
  179  11:37  Drone  
  172  11:49  Zergling x26  
  183  11:56  Spine Crawler, Spore Crawler  
  183  11:57  Spine Crawler x2  
  178  12:05  Zergling x26  
  191  12:10  Queen  
  193  12:16  Baneling  
  193  12:17  Baneling x9  
  193  12:22  Overseer  
  193  12:23  Overseer  
  193  12:36  Seismic Spines  
  192  12:42  Baneling x9  
  192  12:43  Baneling x11  
  191  12:50  Zergling x2  
  191  12:51  Zergling x22  
  177  13:08  Zergling x2  
  177  13:09  Zergling x32  
  162  13:20  Hydralisk x11  
  183  13:32  Hydralisk x8  
Tags
 
Add a new tag
Caveats
  • Supply blocks, unpowered buildings, or Contaminate may cause inaccurate times.
  • Supply counts are checked every 10 seconds.